 Dungeon Crawl Stone Soup version 0.23-a0-629-gae4348f (webtiles) character file.

9 Matador8 the Poker (level 2, -3/24 HPs)
             Began as a Merfolk Abyssal Knight on Dec 26, 2018.
             Was a Follower of Lugonu.
             Slain by Natasha (7 damage)
             ... on level 2 of the Dungeon.
             The game lasted 00:00:48 (159 turns).

Matador8 the Poker (Merfolk Abyssal Knight)          Turns: 159, Time: 00:00:48

Health: -3/24      AC:  3    Str: 12    XL:     2   Next: 16%
Magic:  3/3        EV: 12    Int: 11    God:    Lugonu [*.....]
Gold:   27         SH:  0    Dex: 13    Spells: 1/1 levels left

rFire    . . .     SeeInvis .   a - +1 spear
rCold    . . .     Gourm    .   (no shield)
rNeg     . . .     Faith    .   b - +0 leather armour
rPois    .         Spirit   .   (no helmet)
rElec    .         Reflect  .   (no cloak)
rCorr    .         Harm     .   (no gloves)
MR       .....                  (no boots)
Stlth    +.........             (no amulet)
HPRegen  0.08/turn              (no ring)
MPRegen  0.08/turn              (no ring)

@: no status effects
A: change form in water, swift swim, stealthy swim
a: Depart the Abyss, Renounce Religion


You were on level 2 of the Dungeon.
You worshipped Lugonu.
Lugonu was aware of your devotion.
You were not hungry.

You visited 1 branch of the dungeon, and saw 2 of its levels.
You visited the Abyss 1 time.

You collected 27 gold pieces.

Inventory:

Hand Weapons
 a - a +1 spear (weapon)
Armour
 b - a +0 leather armour (worn)
Jewellery
 f - an uncursed amulet of rage {unknown}
Scrolls
 d - a scroll of immolation {unknown}
 e - a scroll of teleportation {unknown}
Comestibles
 c - a ration


   Skills:
 - Level 3.2 Fighting
 * Level 3.8 Polearms
 - Level 0.6 Armour
 - Level 2.6 Dodging
 + Level 2.3 Invocations


You had one spell level left.
You didn't know any spells.
Your spell library was empty.

Dungeon Overview and Level Annotations

Branches:
Dungeon (1/15)

Altars:

Annotations:
D:2 Natasha


Message History

The bat closely misses you. x2; The goblin misses you.
The bat barely misses you. The bat hits you. The goblin closely misses you.
Natasha claws you.
A frilled lizard comes into view.
The frilled lizard hisses angrily.
The bat misses you. The kobold hits you. The iron imp hits you.
* * * LOW HITPOINT WARNING * * *
A dart slug comes into view.
The goblin closely misses you. The bat hits you but does no damage.
Natasha mumbles some strange words.
You feel disoriented.
The iron imp hits you but does no damage.
The kobold hits you but does no damage. The bat closely misses you.
The bat hits you but does no damage. The bat barely misses you.
The bat hits you but does no damage. The frilled lizard bites you.
* * * LOW HITPOINT WARNING * * *
Natasha claws you!
You die...

##### ########
#...###......#
#............ .
#........... .. ..
#.........####... ...
#................
....#......K.........
....##....g5h@.......
...........bl........
#....................
#?......(............
#.....$........w.....
...............?.....
.....#####...........
..... #...........
..... ..........


You could see an iron imp, Natasha, a dart slug, a goblin, a bat, a kobold and a
frilled lizard.

Vanquished Creatures
  A dart slug (D:1)
  4 jackals (D:1)
  A bat (D:1)
  A frilled lizard (D:1)
7 creatures vanquished.

Notes
Turn   | Place    | Note
-------+----------+-------------------------------------------
     0 | Abyss:1  | Matador8 the Merfolk Abyssal Knight began the quest for the
                  | Orb.
     0 | Abyss:1  | Reached XP level 1. HP: 18/18 MP: 2/2
    12 | D:1      | Escaped the Abyss
   128 | D:1      | Reached XP level 2. HP: 19/24 MP: 3/3
   143 | D:1      | You fall through a shaft!
   145 | D:2      | Noticed Natasha
   159 | D:2      | Slain by Natasha

Vault maps used:
D:1:      lordsloth_arrival_two_stooges, minmay_cupped
D:2:      uniq_jessica, uniq_natasha, uniq_terence, uniq_sigmund
Abyss:1:  minivault_28

Action                   || total
-------------------------++-------
Melee: Spear             ||    20
Armor: Leather armour    ||     9
Dodge: Dodged            ||    26

Table legend:
 A = Non-vault XP
 B = Vault XP
 C = Vault XP percentage of total XP
 D = Non-vault monster count
 E = Vault monster count
 F = Vault count percentage of total count
                 A         B        C        D         E       F
            +---------+---------+-------+---------+---------+-------
      Total |       9 |       5 |  35.7 |       5 |       2 |  28.6
            +---------+---------+-------+---------+---------+-------
        D:1 |       9 |       5 |  35.7 |       5 |       2 |  28.6
            +---------+---------+-------+---------+---------+-------
